 Dungeon Crawl Stone Soup version 0.25.1-2-g60ff931df9 (webtiles) character file.

Game seed: 13899483076455245455

550 Delamore the Cudgeler (level 7, -3/41 HPs)
             Began as a Gargoyle Fighter on Sept 1, 2020.
             Slain by a bullfrog (5 damage)
             ... on level 6 of the Dungeon.
             The game lasted 00:04:36 (4537 turns).

Delamore the Cudgeler (Gargoyle Fighter)            Turns: 4537, Time: 00:04:36

Health: -3/41      AC: 18    Str: 22    XL:     7   Next: 29%
Magic:  7/7        EV:  5    Int:  8    God:
Gold:   163        SH:  9    Dex:  9    Spells: 6/6 levels left

rFire    . . .     SeeInvis .   a - +0 flail
rCold    . . .     Gourm    .   c - +0 kite shield
rNeg     + . .     Faith    .   w - +0 chain mail
rPois    ∞         Spirit   .   (no helmet)
rElec    +         Reflect  .   y - +0 cloak
rCorr    .         Harm     .   j - +2 pair of gloves
MR       .....                  (no boots)
Stlth    ..........             x - amulet of inaccuracy
HPRegen  0.13/turn              (no ring)
MPRegen  0.10/turn              (no ring)

@: no status effects
A: negative energy resistance 1, electricity resistance, unbreathing,
petrification resistance, rot immunity, AC +4
a: no special abilities


You were on level 6 of the Dungeon.
You were not hungry.

You visited 1 branch of the dungeon, and saw 6 of its levels.

You collected 163 gold pieces.

Inventory:

Hand Weapons
 a - a +0 flail (weapon)
Armour
 b - a +0 scale mail
 c - a +0 kite shield (worn)
 j - a +2 pair of gloves (worn)
 t - a +0 pair of gloves
 w - a +0 chain mail (worn)
 y - a +0 cloak (worn)
Jewellery
 x - an amulet of inaccuracy (around neck)
Scrolls
 l - a scroll of random uselessness
 m - a scroll of amnesia
 r - a scroll of fog {unknown}
 s - 3 scrolls of remove curse
Potions
 d - a potion of might
 g - a potion of flight
 h - a potion of berserk rage
 i - a potion of lignification {unknown}
 k - a potion of degeneration {unknown}
 n - 2 potions of invisibility {unknown}
 o - 2 potions of brilliance {unknown}
 p - a potion of mutation {unknown}
 q - 2 potions of cancellation {unknown}
 z - a potion of magic {unknown}
Comestibles
 f - 11 rations
 v - a chunk of flesh


   Skills:
 - Level 3.2 Fighting
 + Level 7.8 Maces & Flails
 - Level 3.2 Armour
 - Level 3.2 Shields


You had 6 spell levels left.
You didn't know any spells.
Your spell library was empty.

Dungeon Overview and Level Annotations

Branches:
Dungeon (6/15)
 Temple: D:4-7

Altars:

Annotations:
D:6 Prince Ribbit


Innate Abilities, Weirdness & Mutations

You are resistant to torment.
Your stone body is resilient. (AC +4)
You are immune to poison.
You resist negative energy. (rN+)
You are resistant to electric shocks. (rElec)
You can survive without breathing.
You are immune to petrification.
You are immune to rotting.


Message History

Found a stone staircase leading down.
An adder skeleton comes into view.
The quokka twitches its whiskers.
The bullfrog hits you but does no damage.
The bullfrog hits you but does no damage.
You block the bullfrog's attack.
There is a stone staircase leading down here.
You block the bullfrog's attack.
The orc wizard gestures wildly while chanting.
The orc wizard blinks!
You climb downwards.
Level annotation: Prince Ribbit
There is a stone staircase leading up here.
You miss the bullfrog. The bullfrog hits you.
* * * LOW HITPOINT WARNING * * *
You block the bullfrog's attack.
You sock the bullfrog!
The bullfrog is severely wounded.
The bullfrog hits you.
You die...

.. .........5.. (..
... ...........<.O..
(... ..
.........####.c# #...
#.###......... #.##
#...
##.............####c##
.........#.#F..a..a..
#...............a...
#..................(
#.F@...# ........(.
#.................(.
#.......#.........(.
........## ........(.
###......# ........$
#......# .....#...
######## #########


You could see a bullfrog.

Vanquished Creatures
  A water moccasin (D:4)
  A black bear (D:6)
  A centaur (D:4)
  A hound (D:4)
  A centaur skeleton (D:2)
  An iguana (D:5)
  A worker ant (D:4)
  A hound skeleton (D:3)
  7 adders
  5 dart slugs
  4 leopard geckos
  3 orcs
  9 bats
  2 giant cockroaches (D:4)
  6 goblins
  4 hobgoblins
  9 jackals
  A quokka (D:6)
  7 frilled lizards
  A jackal skeleton (D:4)
  7 kobolds
  A quokka zombie (D:3)
  10 rats
84 creatures vanquished.

Notes
Turn   | Place    | Note
-------+----------+-------------------------------------------
     0 | D:1      | Delamore the Gargoyle Fighter began the quest for the Orb.
     0 | D:1      | Reached XP level 1. HP: 14/14 MP: 1/1
   159 | D:1      | Reached XP level 2. HP: 14/19 MP: 2/2
   373 | D:1      | Reached skill level 3 in Maces & Flails
   612 | D:1      | Reached XP level 3. HP: 23/23 MP: 3/3
  1144 | D:2      | Reached skill level 4 in Maces & Flails
  1161 | D:2      | Reached XP level 4. HP: 23/28 MP: 4/4
  1653 | D:3      | Reached skill level 5 in Maces & Flails
  1946 | D:3      | Reached XP level 5. HP: 31/32 MP: 5/5
  3605 | D:4      | Noticed a centaur
  3620 | D:4      | Killed a centaur
  3620 | D:4      | Reached skill level 6 in Maces & Flails
  3620 | D:4      | Reached XP level 6. HP: 29/37 MP: 6/6
  3821 | D:5      | Entered Level 5 of the Dungeon
  3821 | D:5      | Noticed a water moccasin
  3888 | D:4      | HP: 2/55 [water moccasin (2)]
  3891 | D:4      | Killed a water moccasin
  3891 | D:4      | Reached skill level 7 in Maces & Flails
  4244 | D:5      | Reached XP level 7. HP: 41/41 MP: 7/7
  4286 | D:5      | Noticed Prince Ribbit
  4536 | D:6      | HP: 2/41 [bullfrog (5)]
  4537 | D:6      | Slain by a bullfrog

Illustrated notes

Levels and vault maps discovered:
D:1:      arrival_zaba_pyramid, layout_rooms
D:2:      layout_rooms, minmay_tromino_v4_c
D:3:      layout_basic
D:4:      layout_cave_pools, first_ration, kennysheep_generic_room_11
D:5:      minmay_polygon_palace, layout_basic, minmay_temple_entry_poolview,
          st_stairs_10, kennysheep_minor_cross, nicolae_elemental_shop,
          uniq_prince_ribbit1
D:6:      layout_rooms, kennysheep_slug_shrine

Skill      XL: |  1  2  3  4  5  6 |
---------------+-------------------+-----
Maces & Flails | 3 4 5 6 7 |  7.8
Fighting       | |  3.2
Armour         | |  3.2
Shields        | |  3.2

Action                   |  1- 3 |  4- 6 |  7- 9 || total
-------------------------+-------+-------+-------++-------
Melee: Flail             |   171 |   371 |    84 ||   626
       Whip              |       |   133 |       ||   133
Throw: Dart              |       |       |    17 ||    17
  Use: Scroll            |       |     5 |     1 ||     6
       Potion            |       |     1 |       ||     1
  Eat: Chunk             |     1 |    11 |     1 ||    13
Armor: Scale mail        |   160 |   193 |       ||   353
       Chain mail        |       |   177 |    78 ||   255
Dodge: Dodged            |    94 |   170 |    29 ||   293
Block: Kite shield       |   130 |   265 |    66 ||   461
